 Dungeon Crawl Stone Soup version 0.17.0 (webtiles) character file.

1981 KINGKRU the Skirmisher (level 9, 0/79 (80) HPs)
             Began as a Hill Orc Fighter on Nov 17, 2015.
             Was a Follower of Beogh.
             Slain by an iguana (7 damage)
             ... on level 8 of the Dungeon.
             The game lasted 00:33:46 (8516 turns).

KINGKRU the Skirmisher (Hill Orc Fighter)           Turns: 8516, Time: 00:33:47

HP:   0/79 (80)     AC: 12    Str: 22    XL:     9   Next: 20%
MP:   9/9           EV: 11    Int: 12    God:    Beogh [*.....]
Gold: 254           SH:  6    Dex: 10    Spells: 0 memorised, 8 levels left

rFire  . . .     SeeInvis .     a - +0 long sword
rCold  + . .     Clarity  .     b - +1 scale mail
rNeg   . . .     SustAt   .     d - +1 buckler {reflect}
rPois  .         Gourm    .     (no helmet)
rElec  .         Spirit   .     (no cloak)
rCorr  .         Warding  .     f - +2 pair of gloves
rMut   .         Stasis   .     (no boots)
MR     .....                    (no amulet)
Stlth  ..........               v - ring of protection from cold
                                p - +4 ring of intelligence

@: about to teleport, not resistant to hostile enchantments, extremely
unstealthy
A: no striking features
a: Renounce Religion


You were on level 8 of the Dungeon.
You worshipped Beogh.
Beogh was aware of your devotion.
You were very hungry.

You visited 2 branches of the dungeon, and saw 9 of its levels.
You also visited: Ossuary.

You collected 254 gold pieces.

Inventory:

Hand Weapons
 a - a +0 long sword (weapon)
Armour
 b - a +1 scale mail (worn)
 c - a +0 shield
 d - a +1 buckler of reflection (worn)
 f - a +2 pair of gloves (worn)
Jewellery
 p - a +4 ring of intelligence (left hand)
 v - a ring of protection from cold (right hand)
Wands
 x - a wand of frost (27)
 y - a wand of disintegration (12)
Scrolls
 e - 2 scrolls of fear {unknown}
 g - 3 scrolls of remove curse
 h - a scroll of noise
 j - 5 scrolls of teleportation
 n - 2 scrolls of immolation {unknown}
 q - a scroll of identify
 t - 2 scrolls of random uselessness {unknown}
 u - 2 scrolls of magic mapping {unknown}
 D - a scroll of vulnerability {unknown}
Potions
 i - 3 potions of agility {unknown}
 k - a potion of ambrosia {unknown}
 l - 2 potions of lignification {unknown}
 m - a potion of degeneration
 o - 2 potions of brilliance {unknown}
 r - a potion of flight {unknown}
 s - 2 potions of curing
 w - a potion of berserk rage {unknown}
 z - a potion of might
 C - a potion of haste {unknown}
Comestibles
 A - 2 bread rations
 B - 2 fruits


   Skills:
 * Level 7.6 Fighting
 + Level 5.5 Long Blades
 + Level 6.6 Armour
 + Level 4.2 Dodging
 + Level 0.5 Stealth
 + Level 6.4 Shields


You had 8 spell levels left.
You didn't know any spells.

Dungeon Overview and Level Annotations

Branches:
Dungeon (8/15)             Temple (1/1) D:6
   Lair: D:8-11

Altars:
Ashenzari
Fedhas
Gozag
Kikubaaqudgha
Makhleb
Ru
Sif Muna
Vehumet
Yredelemnul
The Shining One


Message History

You slash the adder!
The adder is almost dead.
You block the adder's attack. The iguana bites you!
* * * LOW HITPOINT WARNING * * *
You closely miss the adder.
The adder is almost dead.
You feel sick.
You are no longer poisoned.
The adder bites you but does no damage. The iguana bites you!
* * * LOW HITPOINT WARNING * * *
The adder bites you but does no damage.
Read which item? (? for menu, Esc to quit)
As you read the scroll of teleportation, it crumbles to dust.
You feel strangely unstable. The adder bites you.
* * * LOW HITPOINT WARNING * * *
The iguana completely misses you.
You miss the adder.
The adder is almost dead.
The adder bites you but does no damage. The iguana bites you!
You die...

..# ###.#
#..##...##
#........#
#.......#
##.......##
#.........#
#.........##
#.....@....#
#....lS....# .#
#...$......#
#.#
##.........#
#.#
##........##..#
##......##..#
####...#..#
##....# #...##


You could see an iguana and an adder.

Vanquished Creatures
  The ghost of edsrzf the Caller, an amateur GrSu of Vehumet (D:4)
  Sigmund (D:6)
  Menkaure (D:4)
  The ghost of Hocus the Conjurer, an amateur DEFE (D:3)
  A centaur (D:6)
  A necrophage (D:7)
  A phantom (D:7)
  2 giant frogs (D:6)
  4 wights (D:6)
  3 hounds
  A human zombie (Ossuary)
  A quasit (D:5)
  An orc priest (D:4)
  2 jellies
  5 orc wizards
  An iguana (D:7)
  3 worker ants
  A killer bee zombie (D:6)
  A big kobold zombie (Ossuary)
  2 hound skeletons
  2 mummies (Ossuary)
  8 adders
  5 gnolls
  An adder zombie (Ossuary)
  3 worms
  5 giant geckos
  14 orcs
  6 giant cockroaches
  9 goblins
  13 hobgoblins
  11 jackals
  8 kobolds
  6 quokkas
  A ball python (D:2)
  13 bats
  A giant gecko zombie (D:6)
  4 giant newts
  3 goblin zombies (Ossuary)
  6 hobgoblin zombies (Ossuary)
  10 kobold zombies (Ossuary)
  13 orc zombies (Ossuary)
  A quokka skeleton (D:6)
  10 rats
  2 rat zombies (Ossuary)
189 creatures vanquished.

Vanquished Creatures (others)
  A centaur (D:5)
  An orc wizard (D:5)
  A worker ant (D:5)
3 creatures vanquished.

Grand Total: 192 creatures vanquished

Notes
Turn   | Place    | Note
--------------------------------------------------------------
     0 | D:1      | KINGKRU the Hill Orc Fighter began the quest for the Orb.
     0 | D:1      | Reached XP level 1. HP: 19/19 MP: 1/1
   207 | D:1      | Reached XP level 2. HP: 27/27 MP: 2/2
   386 | D:1      | Reached XP level 3. HP: 33/33 MP: 3/3
   425 | D:1      | Reached skill level 4 in Armour
  1183 | D:2      | Reached XP level 4. HP: 37/40 MP: 4/4
  1207 | D:2      | Reached skill level 1 in Dodging
  2243 | D:3      | Noticed Hocus's ghost (amateur DEFE)
  2254 | D:3      | Killed Hocus's ghost
  2254 | D:3      | Reached XP level 5. HP: 3/47 MP: 5/5
  2784 | D:3      | Reached XP level 6. HP: 43/55 MP: 6/6
  2812 | D:3      | Reached skill level 5 in Fighting
  3710 | D:4      | Noticed edsrzf's ghost (amateur GrSu)
  3744 | D:4      | Killed edsrzf's ghost
  3744 | D:4      | Reached skill level 5 in Armour
  3744 | D:4      | Reached XP level 7. HP: 37/61 MP: 7/7
  3930 | D:5      | Entered Level 5 of the Dungeon
  3948 | D:4      | Found a sand-covered staircase.
  3957 | Ossuary  | Entered an ossuary
  4387 | D:5      | Became a worshipper of Beogh the Brigand
  4675 | D:4      | Noticed Menkaure
  4688 | D:4      | Killed Menkaure
  4688 | D:4      | Reached skill level 5 in Shields
  5487 | D:4      | Reached XP level 8. HP: 27/70 MP: 8/8
  5702 | D:4      | Reached skill level 6 in Fighting
  6235 | D:5      | Found a burning altar of Makhleb.
  6521 | D:6      | Found a sacrificial altar of Ru.
  6572 | D:6      | Found a staircase to the Ecumenical Temple.
  6595 | Temple   | Entered the Ecumenical Temple
  6712 | D:6      | Reached skill level 5 in Long Blades
  7071 | D:6      | Found a radiant altar of Vehumet.
  7071 | D:6      | Found a basalt altar of Yredelemnul.
  7264 | D:6      | Noticed Sigmund
  7324 | D:6      | Killed Sigmund
  7324 | D:6      | Reached skill level 7 in Fighting
  7785 | D:7      | Reached XP level 9. HP: 75/79 MP: 9/9
  7920 | D:7      | Reached * piety under Beogh
  8516 | D:8      | Slain by an iguana

Action                   |  1- 3 |  4- 6 |  7- 9 || total
-------------------------+-------+-------+-------++-------
Melee: Long sword        |   128 |   316 |   495 ||   939
Invok: Convert to Beogh  |       |       |     1 ||     1
  Use: Scroll            |     3 |     4 |     5 ||    12
       Potion            |       |     4 |     3 ||     7
  Eat: Bread ration      |     1 |     1 |     3 ||     5
       Pizza             |       |     1 |     1 ||     2
